| TOP OF THE 1ST |
|
Tulsa Drillers batting - Pitching for San Antonio Missions : RHP David Deon
|
|
Pitching: RHP David Deon
|
|
|
Batting: LHB Hyoji Toda
|
0-0: Called Strike 0-1: Called Strike 0-2: Ball 1-2: Foul Ball, location: 2F 1-2: Foul Ball, location: 2F 1-2: Foul Ball, location: 2F 1-2: Strikes out swinging
|
|
Batting: RHB Seth Tramontano
|
0-0: Foul Ball, location: 2F 0-1: Ball 1-1: Foul Ball, location: 2F 1-2: Foul Ball, location: 2F 1-2: Foul Ball, location: 2F 1-2: Ball 2-2: Foul Ball, location: 2F 2-2: Fly out, F8 (Flyball, 89M, EV 76.2 MPH)
|
|
Batting: LHB Chris Fandino
|
0-0: Ball 1-0: Called Strike 1-1: SINGLE (Groundball, 4MD, EV 97.5 MPH)
|
|
Batting: RHB Steve Perez
|
0-0: Ball 1-0: Foul Ball, location: 2F 1-1: Foul Ball, location: 2F 1-2: Strikes out swinging
|
| Top of the 1st over - 0 runs, 1 hit, 0 errors, 1 left on base; Tulsa 0 - San Antonio 0 |
| BOTTOM OF THE 1ST |
|
San Antonio Missions batting - Pitching for Tulsa Drillers : RHP Jim Ruleman
|
|
Pitching: RHP Jim Ruleman
|
|
|
Batting: RHB Jaden Scott
|
0-0: Ball 1-0: Called Strike 1-1: Ball 2-1: Foul Ball, location: 2F 2-2: Strikes out swinging
|
|
Batting: SHB Devin Hottenstein
|
0-0: Ball 1-0: Called Strike 1-1: Foul Ball, location: 2F 1-2: Strikes out swinging
|
|
Batting: RHB Mike Maserang
|
0-0: Foul Ball, location: 2F 0-1: Ball 1-1: Ball 2-1: Ball 3-1: Base on Balls
|
|
Batting: LHB Javy Portela
|
0-0: Ball 1-0: Fly out, F8 (Line Drive, 8LD, EV 90.0 MPH)
|
| Bottom of the 1st over - 0 runs, 0 hits, 0 errors, 1 left on base; Tulsa 0 - San Antonio 0 |
| TOP OF THE 2ND |
|
Tulsa Drillers batting - Pitching for San Antonio Missions : RHP David Deon
|
|
Batting: RHB Alex Mejia
|
0-0: Ball 1-0: Fly out, F9 (Flyball, 89S, EV 80.0 MPH)
|
|
Batting: RHB T.J. Jordan
|
0-0: Ball 1-0: Ball 2-0: Ball 3-0: Base on Balls
|
|
Batting: RHB Mike Plugge
|
0-0: Called Strike 0-1: DOUBLE (Line Drive, 7LM, EV 105.0 MPH) T.J. Jordan to third
|
|
Batting: RHB Jerry Sanchez
|
0-0: Called Strike 0-1: Fly out, F8 (Flyball, 8RD, EV 90.6 MPH) Runner from 3rd tags up, SCORES, throw by CF
|
|
Batting: RHB Tony Reyna
|
0-0: Called Strike 0-1: Ground out 6-3 (Groundball, 6, EV 86.9 MPH)
|
| Top of the 2nd over - 1 run, 1 hit, 0 errors, 1 left on base; Tulsa 1 - San Antonio 0 |
| BOTTOM OF THE 2ND |
|
San Antonio Missions batting - Pitching for Tulsa Drillers : RHP Jim Ruleman
|
|
Batting: RHB Min-chin Yi
|
0-0: Called Strike 0-1: Foul Ball, location: 2F 0-2: Ball 1-2: Strikes out swinging
|
|
Batting: SHB Olaf Zoeteman
|
0-0: Swinging Strike 0-1: Ball 1-1: SINGLE (Groundball, 4M, EV 85.6 MPH) (infield hit)
|
|
Batting: RHB Francisco Trejo
|
0-0: Called Strike 0-1: Foul Ball, location: 2F 0-2: Foul Ball, location: 2F 0-2: Foul Ball, location: 2F 0-2: Ball 1-2: Strikes out swinging Olaf Zoeteman steals 2nd base Batter strikes out.
|
|
Batting: RHB Gary Hills
|
0-0: Called Strike 0-1: Ball 1-1: Ball 2-1: Ball 3-1: Called Strike 3-2: Foul Ball, location: 2F 3-2: SINGLE (Groundball, 4MD, EV 104.4 MPH) Olaf Zoeteman to third Runner from 3rd tries for Home, SAFE, throw by CF to home
|
|
Batting: RHB Davey Verhoog
|
0-0: Swinging Strike 0-1: Ball 1-1: Ball Gary Hills is caught stealing 2nd base 2-4
|
| Bottom of the 2nd over - 1 run, 2 hits, 0 errors, 0 left on base; Tulsa 1 - San Antonio 1 |
| TOP OF THE 3RD |
|
Tulsa Drillers batting - Pitching for San Antonio Missions : RHP David Deon
|
|
Batting: LHB Hyoji Toda
|
0-0: Foul Ball, location: 2F 0-1: Foul Ball, location: 2F 0-2: Strikes out swinging
|
|
Batting: RHB Seth Tramontano
|
0-0: Called Strike 0-1: Ball 1-1: Swinging Strike 1-2: Ball 2-2: Foul Ball, location: 2F 2-2: Fly out, F9 (Flyball, 9S, EV 87.5 MPH)
|
|
Batting: LHB Chris Fandino
|
0-0: Ball 1-0: DOUBLE (Line Drive, 78D, EV 108.8 MPH)
|
|
Batting: RHB Steve Perez
|
0-0: Fly out, F7 (Flyball, 7, EV 86.9 MPH)
|
| Top of the 3rd over - 0 runs, 1 hit, 0 errors, 1 left on base; Tulsa 1 - San Antonio 1 |
| BOTTOM OF THE 3RD |
|
San Antonio Missions batting - Pitching for Tulsa Drillers : RHP Jim Ruleman
|
|
Batting: RHB Davey Verhoog
|
0-0: Called Strike 0-1: SINGLE (Groundball, 56D, EV 93.8 MPH)
|
|
Batting: RHB Jaden Scott
|
0-0: Ball 1-0: Called Strike 1-1: Ball 2-1: Foul Ball, location: 2F 2-2: Fielders Choice at 2nd, 3-6 (Groundball, 3S, EV 84.4 MPH)
|
|
Batting: SHB Devin Hottenstein
|
0-0: Called Strike Jaden Scott steals 2nd base (no throw) 0-1: SINGLE (Line Drive, 9LS, EV 109.4 MPH) Jaden Scott to third
|
|
Batting: RHB Mike Maserang
|
0-0: Foul Ball, location: 2F 0-1: Called Strike 0-2: Ball 1-2: Fly out, F9 (Flyball, 9LSF, EV 95.0 MPH)
|
|
Batting: LHB Javy Portela
|
0-0: Ball 1-0: Ball Wild Pitch! Jaden Scott scores Devin Hottenstein to second 2-0: Ball 3-0: Base on Balls
|
|
Batting: RHB Min-chin Yi
|
0-0: Called Strike 0-1: Ball 1-1: Ball 2-1: Ball 3-1: Base on Balls Devin Hottenstein to third Javy Portela to second
|
|
Batting: SHB Olaf Zoeteman
|
0-0: Foul Ball, location: 2F 0-1: Swinging Strike 0-2: Ball 1-2: Strikes out swinging
|
| Bottom of the 3rd over - 1 run, 2 hits, 0 errors, 3 left on base; Tulsa 1 - San Antonio 2 |
| TOP OF THE 4TH |
|
Tulsa Drillers batting - Pitching for San Antonio Missions : RHP David Deon
|
|
Batting: RHB Alex Mejia
|
0-0: Ball 1-0: Ball 2-0: Called Strike 2-1: Ground out 5-3 (Groundball, 56S, EV 75.0 MPH)
|
|
Batting: RHB T.J. Jordan
|
0-0: Ball 1-0: Foul Ball, location: 2F 1-1: Foul Ball, location: 2F 1-2: SINGLE (Line Drive, 5D, EV 103.8 MPH)
|
|
Batting: RHB Mike Plugge
|
0-0: SINGLE (Line Drive, 9S, EV 90.0 MPH) T.J. Jordan to second
|
|
Batting: RHB Jerry Sanchez
|
0-0: Foul Ball, location: 2F 0-1: Swinging Strike 0-2: Fly out, F7 (Flyball, 7S, EV 92.5 MPH)
|
|
Batting: RHB Tony Reyna
|
0-0: Fly out, F9 (Line Drive, 89M, EV 91.2 MPH)
|
| Top of the 4th over - 0 runs, 2 hits, 0 errors, 2 left on base; Tulsa 1 - San Antonio 2 |
| BOTTOM OF THE 4TH |
|
San Antonio Missions batting - Pitching for Tulsa Drillers : RHP Jim Ruleman
|
|
Batting: RHB Francisco Trejo
|
0-0: Ball 1-0: Foul Ball, location: 2F 1-1: Called Strike 1-2: Strikes out swinging, 2-3 out at first.
|
|
Batting: RHB Gary Hills
|
0-0: Ball 1-0: Ball 2-0: Ball 3-0: Base on Balls
|
|
Batting: RHB Davey Verhoog
|
0-0: Fielders Choice at 2nd, 1-6 (Groundball, 13S, EV 64.4 MPH)
|
|
Batting: RHB Jaden Scott
|
0-0: Ball 1-0: Foul Ball, location: 2F 1-1: Ball 2-1: Foul Ball, location: 2F 2-2: Ball 3-2: TRIPLE (Groundball, 5L, EV 101.9 MPH) Davey Verhoog scores
|
|
Batting: SHB Devin Hottenstein
|
0-0: Ball 1-0: 2-RUN HOME RUN (Flyball, 8LXD, EV 103.1 MPH), Distance : 423 ft
|
|
Pitching: RHP Josh Weiser
|
|
|
Batting: RHB Mike Maserang
|
0-0: Called Strike 0-1: Foul Ball, location: 2F 0-2: Foul Ball, location: 2F 0-2: Strikes out swinging
|
| Bottom of the 4th over - 3 runs, 2 hits, 0 errors, 0 left on base; Tulsa 1 - San Antonio 5 |
| TOP OF THE 5TH |
|
Tulsa Drillers batting - Pitching for San Antonio Missions : RHP David Deon
|
|
Batting: LHB Hyoji Toda
|
0-0: Ball 1-0: Ball 2-0: Ball 3-0: Called Strike 3-1: Foul Ball, location: 2F 3-2: Ground out 5-3 (Groundball, 5, EV 98.1 MPH)
|
|
Batting: RHB Seth Tramontano
|
0-0: Ball 1-0: Ball 2-0: Foul Ball, location: 2F 2-1: Swinging Strike 2-2: Strikes out swinging
|
|
Batting: LHB Chris Fandino
|
0-0: Ball 1-0: Ball 2-0: Ball 3-0: Base on Balls
|
|
Batting: RHB Steve Perez
|
0-0: Ball 1-0: Fly out, F9 (Flyball, 9LS, EV 90.0 MPH)
|
| Top of the 5th over - 0 runs, 0 hits, 0 errors, 1 left on base; Tulsa 1 - San Antonio 5 |
| BOTTOM OF THE 5TH |
|
San Antonio Missions batting - Pitching for Tulsa Drillers : RHP Josh Weiser
|
|
Batting: LHB Javy Portela
|
0-0: Ground out 5-3 (Groundball, 5S, EV 85.0 MPH)
|
|
Batting: RHB Min-chin Yi
|
0-0: Foul Ball, location: 2F 0-1: Ball 1-1: Ball 2-1: Called Strike 2-2: Ball 3-2: Ground out 4-3 (Groundball, 4, EV 85.0 MPH)
|
|
Batting: SHB Olaf Zoeteman
|
0-0: Ball 1-0: Ball 2-0: Ball 3-0: Fly out, F9 (Line Drive, 9, EV 107.5 MPH)
|
| Bottom of the 5th over - 0 runs, 0 hits, 0 errors, 0 left on base; Tulsa 1 - San Antonio 5 |
| TOP OF THE 6TH |
|
Tulsa Drillers batting - Pitching for San Antonio Missions : RHP David Deon
|
|
Batting: RHB Alex Mejia
|
0-0: Foul Ball, location: 2F 0-1: Ball 1-1: Ball 2-1: Ball 3-1: Base on Balls
|
|
Batting: RHB T.J. Jordan
|
0-0: Ball 1-0: Hit by Pitch Alex Mejia to second
|
|
Batting: RHB Mike Plugge
|
0-0: Called Strike 0-1: Swinging Strike 0-2: Foul Ball, location: 2F 0-2: Ball 1-2: Ball 2-2: Foul Ball, location: 2F 2-2: Foul Ball, location: 2F 2-2: Grounds into double play, 4-6-3 (Groundball, 4, EV 86.9 MPH) Alex Mejia to third
|
|
Pitching: RHP Manny Bailon
|
|
|
Pinch Hitting: LHB Steve Pond
|
0-0: Swinging Strike 0-1: Fly out, F2 (Popup, 3SF, EV 81.2 MPH)
|
| Top of the 6th over - 0 runs, 0 hits, 0 errors, 1 left on base; Tulsa 1 - San Antonio 5 |
| BOTTOM OF THE 6TH |
|
San Antonio Missions batting - Pitching for Tulsa Drillers : RHP Josh Weiser
|
|
Now at 2B: Terry Jarrells
|
|
|
Batting: RHB Francisco Trejo
|
0-0: Ball 1-0: Ground out 5-3 (Groundball, 56, EV 105.6 MPH)
|
|
Batting: RHB Gary Hills
|
0-0: Ball 1-0: Fly out, F9 (Flyball, 9S, EV 93.8 MPH)
|
|
Batting: RHB Davey Verhoog
|
0-0: Called Strike 0-1: Called Strike 0-2: Ball 1-2: Ground out 6-3 (Groundball, 6, EV 92.5 MPH)
|
| Bottom of the 6th over - 0 runs, 0 hits, 0 errors, 0 left on base; Tulsa 1 - San Antonio 5 |
| TOP OF THE 7TH |
|
Tulsa Drillers batting - Pitching for San Antonio Missions : RHP Manny Bailon
|
|
Batting: RHB Tony Reyna
|
0-0: Ball 1-0: Ball 2-0: Swinging Strike 2-1: Foul Ball, location: 2F 2-2: Foul Ball, location: 2F 2-2: Ground out 5-3 (Groundball, 56S, EV 86.9 MPH)
|
|
Batting: LHB Hyoji Toda
|
0-0: SINGLE (Groundball, 6MD, EV 100.6 MPH)
|
|
Batting: RHB Seth Tramontano
|
0-0: Foul Ball, location: 2F 0-1: Foul Ball, location: 2F 0-2: Ball 1-2: Foul Ball, location: 2F 1-2: Ball 2-2: Fielders Choice at 2nd, 3-6 (Groundball, 3S, EV 82.5 MPH)
|
|
Batting: LHB Chris Fandino
|
0-0: Ball Seth Tramontano steals 2nd base (no throw) 1-0: Foul Ball, location: 2F 1-1: Swinging Strike 1-2: Foul Ball, location: 2F 1-2: Ball 2-2: Fly out, F9 (Flyball, 9LSF, EV 86.9 MPH)
|
| Top of the 7th over - 0 runs, 1 hit, 0 errors, 1 left on base; Tulsa 1 - San Antonio 5 |
| BOTTOM OF THE 7TH |
|
San Antonio Missions batting - Pitching for Tulsa Drillers : RHP Josh Weiser
|
|
Batting: RHB Jaden Scott
|
0-0: Ball 1-0: Called Strike 1-1: Swinging Strike 1-2: Strikes out swinging
|
|
Batting: SHB Devin Hottenstein
|
0-0: Ball 1-0: Foul Ball, location: 2F 1-1: Foul Ball, location: 2F 1-2: DOUBLE (Line Drive, 9LM, EV 102.5 MPH)
|
|
Batting: RHB Mike Maserang
|
0-0: Ball 1-0: Called Strike 1-1: Called Strike 1-2: Ground out 6-3 (Groundball, 6, EV 87.5 MPH)
|
|
Batting: LHB Javy Portela
|
0-0: Fly out, F8 (Line Drive, 8LS, EV 96.9 MPH)
|
| Bottom of the 7th over - 0 runs, 1 hit, 0 errors, 1 left on base; Tulsa 1 - San Antonio 5 |
| TOP OF THE 8TH |
|
Tulsa Drillers batting - Pitching for San Antonio Missions : RHP Manny Bailon
|
|
Pitching: RHP Warren Swan
|
|
|
Batting: RHB Steve Perez
|
0-0: Called Strike 0-1: Ball 1-1: Foul Ball, location: 2F 1-2: Ball 2-2: Fly out, F9 (Flyball, 9S, EV 75.0 MPH)
|
|
Batting: RHB Alex Mejia
|
0-0: Ball 1-0: Ground out 4-3 (Groundball, 34, EV 103.1 MPH)
|
|
Batting: RHB T.J. Jordan
|
0-0: Foul Ball, location: 2F 0-1: Called Strike 0-2: Ball 1-2: Ball 2-2: Foul Ball, location: 2F 2-2: Ground out 6-3 (Groundball, 6, EV 101.9 MPH)
|
| Top of the 8th over - 0 runs, 0 hits, 0 errors, 0 left on base; Tulsa 1 - San Antonio 5 |
| BOTTOM OF THE 8TH |
|
San Antonio Missions batting - Pitching for Tulsa Drillers : RHP Josh Weiser
|
|
Pitching: RHP Jorge Mora
|
|
|
Batting: RHB Min-chin Yi
|
0-0: Called Strike 0-1: Ground out 5-3 (Groundball, 5, EV 83.1 MPH)
|
|
Batting: SHB Olaf Zoeteman
|
0-0: Ground out 4-3 (Groundball, 4, EV 87.5 MPH)
|
|
Batting: RHB Francisco Trejo
|
0-0: Called Strike 0-1: Called Strike 0-2: Foul Ball, location: 2F 0-2: Ball 1-2: Ball 2-2: DOUBLE (Line Drive, 9LS, EV 88.8 MPH)
|
|
Batting: RHB Gary Hills
|
0-0: Ball 1-0: Ball 2-0: Called Strike 2-1: Foul Ball, location: 2F 2-2: Strikes out swinging
|
| Bottom of the 8th over - 0 runs, 1 hit, 0 errors, 1 left on base; Tulsa 1 - San Antonio 5 |
| TOP OF THE 9TH |
|
Tulsa Drillers batting - Pitching for San Antonio Missions : RHP Warren Swan
|
|
Pitching: LHP Ed Valdez
|
|
|
Batting: RHB Mike Plugge
|
0-0: Called Strike 0-1: Foul Ball, location: 2F 0-2: Ball 1-2: Ball 2-2: Ground out 6-3 (Groundball, 6, EV 109.4 MPH)
|
|
Batting: RHB Terry Jarrells
|
0-0: Ground out U3 (Groundball, 3, EV 101.9 MPH)
|
|
Batting: RHB Tony Reyna
|
0-0: Ball 1-0: Ball 2-0: Called Strike 2-1: Foul Ball, location: 2F 2-2: Ground out 6-3 (Groundball, 6, EV 90.6 MPH)
|
| Top of the 9th over - 0 runs, 0 hits, 0 errors, 0 left on base; Tulsa 1 - San Antonio 5 |
|